 Dungeon Crawl Stone Soup version 0.21.1-1-g345015f (webtiles) character file.

24 tidbits the Stinger (level 3, 4/25 HPs)
             Began as a Gnoll Venom Mage on Feb 14, 2018.
             Quit the game on level 2 of the Dungeon.
             The game lasted 00:03:34 (394 turns).

tidbits the Stinger (Gnoll Venom Mage)               Turns: 394, Time: 00:03:35

Health: 4/25       AC:  2    Str:  8 (10) XL:     3   Next: 2%
Magic:  1/9        EV: 14    Int: 17 (18) God:
Gold:   74         SH:  0    Dex: 14 (15) Spells: 8/11 levels left

rFire    . . .     SeeInvis .   a - +0 short sword
rCold    . . .     Gourm    .   (no shield)
rNeg     . . .     Faith    .   d - +0 robe
rPois    .         Spirit   .   (no helmet)
rElec    .         Reflect  .   (no cloak)
rCorr    .         Harm     .   (no gloves)
MR       .....                  (no boots)
Stlth    +++.......             (no amulet)
HPRegen  0.08/turn              (no ring)
MPRegen  0.11/turn              (no ring)

@: lethally poisoned (4 -> -2)
A: distributed training, fangs 1, strong nose
a: no special abilities


You were on level 2 of the Dungeon.
You were not hungry.

You visited 1 branch of the dungeon, and saw 3 of its levels.

You collected 74 gold pieces.

Inventory:

Hand Weapons
 a - a +0 short sword (weapon)
 e - a +0 whip
Missiles
 f - 16 bolts
Armour
 d - a +0 robe (worn)
Potions
 h - a potion of might
Books
 b - a Young Poisoner's Handbook

   Spells                             Type                      Level
   a - Sting                          Conjuration/Poison           1
   b - Poisonous Vapours              Poison/Air                   2
   c - Mephitic Cloud                 Conjuration/Poison/Air       3
   d - Olgreb's Toxic Radiance        Poison                       4
   e - Venom Bolt                     Conjuration/Poison           5
Comestibles
 c - 3 rations


   Skills:
 + Level 0.5 Fighting
 + Level 0.5 Short Blades
 + Level 0.5 Long Blades
 + Level 0.5 Axes
 + Level 0.5 Maces & Flails
 + Level 0.5 Polearms
 + Level 0.5 Staves
 + Level 0.5 Slings
 + Level 0.5 Bows
 + Level 0.5 Crossbows
 + Level 0.5 Throwing
 + Level 0.5 Armour
 + Level 4.5 Dodging
 + Level 4.1 Stealth
 + Level 0.5 Shields
 + Level 0.5 Unarmed Combat
 + Level 4.9 Spellcasting
 + Level 2.0 Conjurations
 + Level 0.4 Hexes
 + Level 0.4 Charms
 + Level 0.4 Summonings
 + Level 0.4 Necromancy
 + Level 0.4 Translocations
 + Level 0.4 Transmutations
 + Level 0.4 Fire Magic
 + Level 0.4 Ice Magic
 + Level 0.4 Air Magic
 + Level 0.4 Earth Magic
 + Level 5.4 Poison Magic
 + Level 0.7 Invocations
 + Level 0.5 Evocations


You had 8 spell levels left.
You knew the following spells:

 Your Spells              Type           Power        Failure   Level  Hunger
a - Sting                 Conj/Pois      ###.         3%          1    None
o - Poisonous Vapours     Pois/Air       ##....       6%          2    #......


Dungeon Overview and Level Annotations

Branches:
Dungeon (3/15)

Altars:
Gozag


Innate Abilities, Weirdness & Mutations

Your experience applies equally to all skills.
You have very sharp teeth.
Your uncanny sense of smell can sniff out nearby items.


Message History

Aiming: Poisonous Vapours
Press: ? - help, Dir - move target cursor, f/p - adder
Aim: an adder Poisonous vapours surround the adder!
The adder is engulfed in poison gas.
The adder is poisoned.
The adder bites you. The adder closely misses you.
Casting: Poisonous Vapours
Confirm with . or Enter, or press ? or * to list all spells.
Aiming: Poisonous Vapours
Press: ? - help, Dir - move target cursor, f/p - adder
Aim: an adder (lightly wounded, poisoned) Poisonous vapours surround the adder!
The adder is engulfed in poison gas.
The adder looks even sicker.
The adder bites you. The adder bites you.
You kill the adder!
A frilled lizard and a hobgoblin come into view.
The hobgoblin shouts!
Found a club.
You closely miss the frilled lizard.
The frilled lizard hisses angrily.
The frilled lizard barely misses you.
You barely miss the frilled lizard. The frilled lizard barely misses you.
The hobgoblin hits you with a short sword.
* * * LOW HITPOINT WARNING * * *
The frilled lizard bites you but does no damage.
The frilled lizard bites you but does no damage.
A rat comes into view.
You hit the frilled lizard.
The frilled lizard is moderately wounded.
The frilled lizard barely misses you.
Your magical contamination has completely faded away.
You hit the frilled lizard.
You kill the frilled lizard!
Casting: Poisonous Vapours
Confirm with . or Enter, or press ? or * to list all spells.
Aiming: Poisonous Vapours
Press: ? - help, Dir - move target cursor, f - hobgoblin
Aim: a hobgoblin, wielding a short sword and wearing a robe Poisonous vapours surround the hobgoblin!
The hobgoblin is engulfed in poison gas.
The hobgoblin is poisoned.
The hobgoblin hits you with a short sword.
* * * LOW HITPOINT WARNING * * *
Casting: Poisonous Vapours
Confirm with . or Enter, or press ? or * to list all spells.
Aiming: Sting
Press: ? - help, Shift-Dir - straight line, f/p - hobgoblin
Aim: a hobgoblin, wielding a short sword and wearing a robe (almost dead, poisoned)
The sting hits the hobgoblin.
The hobgoblin looks even sicker.
You kill the hobgoblin!
You have reached level 3!
Your experience leads to an increase in your attributes!
Your base attributes are Str 10, Int 17, Dex 15.
Increase (S)trength, (I)ntelligence, or (D)exterity?
You feel clever.
Things that are here:
a short sword; a robe
d - a short sword Wield which item (- for none, * to show all)? (? for menu, Esc to quit)
d - a +0 short sword (weapon)
Adjust (i)tems, (s)pells, or (a)bilities?
Adjust which item? (? for menu, Esc to quit)
d - a +0 short sword (weapon)
Adjust to which letter? (? for menu, Esc to quit)
a - a +0 short sword (weapon);
d - a +0 robe (worn)
The rat bites you.
* * * LOW HITPOINT WARNING * * *
You barely miss the rat. The rat barely misses you.
Casting: Sting
Confirm with . or Enter, or press ? or * to list all spells.
Aiming: Sting
Press: ? - help, Shift-Dir - straight line, f - rat
Aim: a rat The sting hits the rat.
The rat is poisoned.
You kill the rat!
An ooze comes into view.
Found 10 gold pieces.
Unknown command.
You see here a robe.
As you open the door, it creaks loudly!
An adder comes into view.
The adder hisses angrily.
Casting: Sting
Confirm with . or Enter, or press ? or * to list all spells.
Aiming: Poisonous Vapours
Press: ? - help, Dir - move target cursor, f - adder
Aim: an adder Poisonous vapours surround the adder!
The adder is poisoned.
Casting: Poisonous Vapours
Confirm with . or Enter, or press ? or * to list all spells.
Aiming: Poisonous Vapours
Press: ? - help, Dir - move target cursor, f/p - adder
Aim: an adder (poisoned) Poisonous vapours surround the adder!
The adder is engulfed in poison gas.
The adder looks even sicker.
The adder bites you.
* * * LOW HITPOINT WARNING * * *
You are lethally poisoned!
The adder poisons you!
Okay, then.
Are you sure you want to abandon this character and quit the game? (Confirm with "yes".)

#.##.# #..>...
######'##.######......
#.....................
#..........#####).....
#..........# #......
#..........# #......
#..........# #......
#..........# ###'###
#....@.....# #.#
######S##### #.# .#
#.# .# #.# .# #.# .#
#. .# .#


You could see an adder.

Vanquished Creatures
  An adder (D:2)
  An orc (D:3)
  2 hobgoblins
  A kobold (D:3)
  2 bats
  4 frilled lizards
  6 rats
17 creatures vanquished.

Notes
Turn   | Place    | Note
-------+----------+-------------------------------------------
     0 | D:1      | tidbits the Gnoll Venom Mage began the quest for the Orb.
     0 | D:1      | Reached XP level 1. HP: 13/13 MP: 6/6
    24 | D:1      | Found an opulent altar of Gozag.
   187 | D:2      | Reached skill level 2 in Conjurations
   207 | D:3      | Reached XP level 2. HP: 17/19 MP: 4/7
   218 | D:3      | Noticed an ogre
   228 | D:2      | Learned a level 2 spell: Poisonous Vapours
   268 | D:3      | Noticed a big kobold
   343 | D:2      | Reached XP level 3. HP: 6/25 MP: 1/9
   394 | D:2      | Quit the game

Skill      XL: |  1 |
---------------+----+-----
Conjurations   | 2 |  2.0
Fighting       | |  0.5
Short Blades   | |  0.5
Long Blades    | |  0.5
Axes           | |  0.5
Maces & Flails | |  0.5
Polearms       | |  0.5
Staves         | |  0.5
Slings         | |  0.5
Bows           | |  0.5
Crossbows      | |  0.5
Throwing       | |  0.5
Armour         | |  0.5
Dodging        | |  4.5
Stealth        | |  4.1
Shields        | |  0.5
Unarmed Combat | |  0.5
Spellcasting   | |  4.9
Hexes          | |  0.4
Charms         | |  0.4
Summonings     | |  0.4
Necromancy     | |  0.4
Translocations | |  0.4
Transmutations | |  0.4
Fire Magic     | |  0.4
Ice Magic      | |  0.4
Air Magic      | |  0.4
Earth Magic    | |  0.4
Poison Magic   | |  5.4
Invocations    | |  0.7
Evocations     | |  0.5

Action                   || total
-------------------------++-------
Melee: Whip              ||    16
       Bite              ||     1
       Short sword       ||     1
 Cast: Sting             ||    11
       Poisonous Vapours ||     6
  Use: Potion            ||     2
       Scroll            ||     1
 Stab: Sleeping          ||     2
Armor: Robe              ||     4
Dodge: Dodged            ||    18

Table legend:
 A = Turns spent in this place as a percentage of turns spent in the entire game.
 B = Non-inter-level travel turns spent in this place as a percentage of non-inter-level travel turns spent in the entire game.
 C = Inter-level travel turns spent in this place as a percentage of turns spent in this place.
 D = Turns resting spent in this place as a percentage of non-inter-level travel turns spent in this place.
 E = Turns spent auto-exploring this place as a percentage of non-inter-level travel turns spent in this place.
 F = Non-inter-level travel turns spent in this place divided by the number of levels of this place that you've seen.
                   A       B       C       D       E      F
               +-------+-------+-------+-------+-------+----------------------
         Total | 100.0 | 100.0 |   0.0 |   0.0 |   0.0 | 131.3
       Dungeon | 100.0 | 100.0 |   0.0 |   0.0 |   0.0 | 131.3
               +-------+-------+-------+-------+-------+----------------------

Table legend:
 A = Kills in this place as a percentage of kills in entire the game.
 B = Kills by you in this place as a percentage of kills by you in the entire game.
 C = Kills by friends in this place as a percentage of kills by friends in the entire game.
 D = Other kills in this place as a percentage of other kills in the entire game.
 E = Experience gained in this place as a percentage of experience gained in the entire game.
 F = Experience gained in this place divided by the number of levels of this place that you have seen.
                   A       B       C       D       E      F
               +-------+-------+-------+-------+-------+----------------------
         Total | 100.0 | 100.0 |   N/A |   N/A | 100.0 |  11.7
       Dungeon | 100.0 | 100.0 |   N/A |   N/A | 100.0 |  11.7
               +-------+-------+-------+-------+-------+----------------------

Vault maps used:
D:1:      roderic_chinese_lattice_arrival, kennysheep_flooded_box
D:3:      cheibrodos_thug_alley, first_ration, serial_bayou_pond_d,
          grunt_ministairs_15
